 Dungeon Crawl Stone Soup version 0.30-a0-719-gcc4359ea44 (webtiles) character file.

Game seed: 5263152222197023574

5278 Dirtsage the Transmogrifier (level 10, -1/78 HPs)
             Began as an Octopode Transmuter on Jan 25, 2023.
             Was an Initiate of Gozag.
             Slain by a two-headed ogre
             ... wielding a +0 giant club
              (19 damage)
             ... on level 9 of the Dungeon on Jan 26, 2023.
             The game lasted 00:23:57 (9089 turns).

Dirtsage the Transmogrifier (Octopode Transmuter)   Turns: 9089, Time: 00:23:58

Health: -1/78      AC: 13    Str: 10    XL:     10   Next: 63%
Magic:  0/22       EV: 10    Int: 20    God:    Gozag
Gold:   1545       SH:  0    Dex: 12    Spells: 1/13 levels left

rFire   . . .      SeeInvis .      - Unarmed
rCold   + + +      Faith    .    (shield currently unavailable)
rNeg    . . .      Spirit   +    (helmet currently unavailable)
rPois   +          Reflect  .    o - amulet of guardian spirit
rElec   .          Harm     .    f - ring of magical power
rCorr   .          Rampage  .    v - +4 ring of protection
Will    .....                    F - ring of protection from fire
Stlth   +                        (no ring)
HPRegen 0.33/turn                (no ring)
MPRegen 0.18/turn                (no ring)
                                 (no ring)
                                 (no ring)

@: ice-form, wereblooded, gold aura
A: freezing attack, boosted hp, almost no armour, amphibious, 8 rings, large,
(camouflage 1), (gelatinous body 1), (nimble swimmer 1), (tentacles)
a: End Transformation, Renounce Religion, Potion Petition, Call Merchant, Bribe
Branch


You were on level 9 of the Dungeon.
You worshipped Gozag.
Gozag was most pleased with you.
You were a creature of crystalline ice.
You visited 2 branches of the dungeon, and saw 10 of its levels.

You collected 2171 gold pieces.
You spent 550 gold pieces at shops.
You paid 76 gold pieces to Gozag.

Inventory:

Missiles
 m - 4 throwing nets
 E - a curare-tipped dart
Magical Staves
 z - a staff of poison
 C - a staff of earth
Jewellery
 f - a ring of magical power (left front paw)
 o - an amulet of guardian spirit (around neck)
 v - a +4 ring of protection (right front paw)
 F - a ring of protection from fire (on tentacle)
Wands
 k - a wand of flame (21) (quivered)
 u - a wand of iceblast (1)
Scrolls
 a - 3 scrolls of enchant armour
 g - 3 scrolls of fear
 h - 3 scrolls of fog {unknown}
 i - a scroll of identify
 j - 3 scrolls of amnesia
 l - 2 scrolls of immolation
 n - a scroll of noise
 p - 3 scrolls of enchant weapon
 t - a scroll of teleportation
 w - a scroll of poison
 x - 2 scrolls of magic mapping
 y - 3 scrolls of brand weapon {unknown}
 D - a scroll of vulnerability
 G - a scroll of summoning {unknown}
Potions
 b - a potion of degeneration {unknown}
 c - 2 potions of attraction {unknown}
 d - 2 potions of might
 e - 3 potions of heal wounds {unknown}
 q - 2 potions of flight {unknown}
 r - a potion of mutation {unknown}
 s - 2 potions of magic {unknown}
 A - 2 potions of curing {unknown}
 B - a potion of ambrosia {unknown}


   Skills:
 + Level 4.8 Fighting
 - Level 2.0 Dodging
 + Level 5.5 Unarmed Combat
 - Level 2.0 Spellcasting
 * Level 4.9 Conjurations
 - Level 8.0 Transmutations
 - Level 8.0 Ice Magic
 * Level 5.0 Air Magic
 - Level 4.2 Evocations


You had one spell level left.
You knew the following spells:

 Your Spells              Type           Power      Damage    Failure   Level
a - Ice Form              Ice/Tmut       34%        N/A       6%          4
b - Wereblood             Tmut           34%        N/A       1%          2
c - Beastly Appendage     Tmut           68%        N/A       1%          1
d - Freezing Cloud        Conj/Ice/Air   13%        6-21      36%         5

Your spell library contained the following spells:

 Spells                   Type           Power      Damage    Failure   Level
 Sandblast                Erth           4%         2d4       16%         1
 Passwall                 Tmut/Erth      15%        N/A       4%          2
 Poisonous Vapours        Pois/Air       24%        N/A       9%          2
 Spider Form              Tmut/Pois      18%        N/A       9%          3
 Cigotuvi's Dreadful Rot  Necr/Pois/Air  16%        N/A       12%         2
 Mephitic Cloud           Conj/Pois/Air  15%        N/A       12%         3
 Ignite Poison            Fire/Tmut/Pois 12%        N/A       16%         3
 Stone Arrow              Conj/Erth      22%        3d8       17%         3
 Sublimation of Blood     Necr           2%         N/A       24%         2
 Kindle Blastsparks       Fire/Tloc/Air  16%        2d11      24%         3
 Manifold Assault         Tloc           2%         N/A       83%         4
 Summon Forest            Summ/Tloc      1%         N/A       99%         5
 Summon Mana Viper        Hex/Summ       2%         N/A       99%         5
 Dispersal                Tloc           1%         N/A       100%        6
 Summon Cactus Giant      Summ           1%         N/A       100%        6
 Summon Hydra             Summ           1%         N/A       100%        7
 Disjunction              Tloc           1%         N/A       100%        8
 Polar Vortex             Ice            17%        N/A       100%        9
 Simulacrum               Ice/Necr       Unusable   N/A       N/A         6

Dungeon Overview and Level Annotations

Branches:
Dungeon (9/15)             Temple (1/1) D:5
   Lair: D:8-11         Orc: D:9-12

Altars:
Ashenzari
Cheibriados
Dithmenos
Elyvilon
Fedhas
Gozag
Hepliaklqana
Kikubaaqudgha
Makhleb
Nemelex Xobeh
Okawaru
Qazlal
Ru
Sif Muna
Uskayaw
Vehumet
Wu Jian
Xom
Yredelemnul
Zin
The Shining One

Shops:
D:1 ?   D:4 *   D:5 *   D:8 *


Innate Abilities, Weirdness & Mutations

You are a creature of crystalline ice.
You have a powerful freezing melee attack.
Your maximum health is increased.
Your armour is entirely melded.
You are incapable of wielding weapons or throwing items.
You cannot wear most types of armour.
You are amphibious.
You can wear up to eight rings at the same time.
((Your skin changes colour to match your surroundings (Stealth+).))
((Your rubbery body absorbs attacks. (AC +1, EV +1)))
((You are camouflaged when in or above water. (Stealth+)))
((You have tentacles for arms and can constrict up to eight enemies at once.))


Message History

You now have 16/22 mp.
Casting: Ice Form (dangerous; 6% risk of failure)
Confirm with . or Enter, or press ? or * to list all spells.
Your blood is infused with primal strength.
The wyvern closely misses you.
The wyvern bites you but does no damage.
You hear an angry hiss.
You now have 14/22 mp.
You hit the wyvern but do no damage. The wyvern barely misses you.
You punch the wyvern! You freeze the wyvern.
The wyvern is severely wounded.
The wyvern bites you but does no damage.
The wyvern barely misses you.
You hear a bellow!
You punch the wyvern! You freeze the wyvern.
You feel a bit better.
You kill the wyvern!
You howl as the wereblood boils in your veins!
Your Air Magic skill increases to level 5!
You regained 4 hp, and now have 75/78 hp.
You pummel the gnoll!! You freeze the gnoll.
You feel a bit better.
You kill the gnoll!
You punch the two-headed ogre! You freeze the two-headed ogre.
The two-headed ogre is lightly wounded.
The two-headed ogre hits you with a +0 giant club!
The two-headed ogre hits you with a +0 giant spiked club!!
You take 28 damage, and have 48/78 hp.
MASSIVE DAMAGE!!
You now have 10/22 mp.
You hit the two-headed ogre. You freeze the two-headed ogre.
The two-headed ogre is moderately wounded.
A yak comes into view.
The two-headed ogre hits you with a +0 giant club!
The two-headed ogre hits you with a +0 giant spiked club!!
* * * LOW HITPOINT WARNING * * *
You take 30 damage, and have 18/78 hp.
MASSIVE DAMAGE!!
You now have 4/22 mp.
You hit the two-headed ogre. You freeze the two-headed ogre.
The two-headed ogre is moderately wounded.
You hit the two-headed ogre. You freeze the two-headed ogre.
The two-headed ogre is heavily wounded.
The two-headed ogre hits you with a +0 giant club!!
You die...
Your body crumbles into a pile of gold. ....♣♣.... ....P... $ P..PPP.

.. ....Y ##. ....♣
... #...# .. ..
#...##.# ...
##.###..#....
#.Y..#.......
###O.........
#...........
###..........
+.#####............
#................#
#..#...............
#.)......###..##
....g...### #.#


You could see a two-headed ogre and a yak.

Vanquished Creatures
  A two-headed ogre (D:6)
  Pikel (D:6)
  The ghost of ma3 the Chiller, a novice OpIE (D:7)
  Grinder (D:4)
  Prince Ribbit (D:6)
  A wyvern (D:9)
  Eustachio (D:5)
  2 water moccasins
  A sky beast (D:8)
  2 ice beasts
  2 orc warriors
  2 black bears
  An ogre (D:6)
  2 centaurs
  2 lemures (D:6)
  A kobold brigand (D:8)
  2 necrophages
  4 scorpions
  12 wights
  3 howler monkeys
  A jelly (D:4)
  4 orc priests
  3 gnoll boudas
  2 hounds
  Jessica (D:3)
  5 iguanas
  5 orc wizards
  22 gnolls
  8 adders
  A shadow imp (D:6)
  2 white imps
  2 ufetubi
  A worm (D:2)
  6 dart slugs
  33 orcs
  8 ball pythons
  6 bats
  8 endoplasms
  5 giant cockroaches
  5 goblins
  7 hobgoblins
  11 jackals
  3 quokkas
  4 frilled lizards
  9 kobolds
  6 rats
211 creatures vanquished.

Vanquished Creatures (others)
  5 fungi (D:9)
  4 plants (D:9)
9 creatures vanquished.

Grand Total: 220 creatures vanquished

Notes
Turn   | Place    | Note
-------+----------+-------------------------------------------
     0 | D:1      | Dirtsage the Octopode Transmuter began the quest for the
                  | Orb.
     0 | D:1      | Reached XP level 1. HP: 13/13 MP: 3/3
     1 | D:1      | Noticed a felid
     8 | D:1      | Noticed a ghoul
    11 | D:1      | Noticed an elf
    13 | D:1      | Noticed a demonspawn zombie
    15 | D:1      | Noticed a merfolk
    19 | D:1      | Noticed a tengu
    21 | D:1      | Noticed a minotaur zombie
    85 | D:1      | Reached skill level 1 in Ice Magic
    85 | D:1      | Reached XP level 2. HP: 18/18 MP: 5/5
   203 | D:1      | Learned a level 2 spell: Wereblood
   326 | D:1      | Found Ulohac's Magic Scroll Emporium.
   493 | D:1      | Reached XP level 3. HP: 18/23 MP: 4/6
  1161 | D:2      | Reached XP level 4. HP: 7/28 MP: 7/7
  1907 | D:3      | Learned a level 4 spell: Ice Form
  1961 | D:3      | Reached XP level 5. HP: 30/33 MP: 8/8
  2005 | D:3      | Noticed Jessica
  2014 | D:3      | Killed Jessica
  2059 | D:3      | Found a faded altar of an unknown god.
  2301 | D:3      | Found a shadowy altar of Dithmenos.
  2346 | D:3      | Reached XP level 6. HP: 23/38 MP: 9/9
  2779 | D:4      | Reached skill level 5 in Transmutations
  2906 | D:4      | Noticed Grinder
  2916 | D:4      | Paralysed by Grinder for 4 turns
  2923 | D:4      | Killed Grinder
  2924 | D:4      | Reached skill level 5 in Ice Magic
  2924 | D:4      | Reached XP level 7. HP: 36/43 MP: 9/10
  2988 | D:4      | Found an ornate altar of the Wu Jian Council.
  3568 | D:4      | Found Juntiad Hao's Fire Supplies.
  3721 | D:5      | Entered Level 5 of the Dungeon
  3821 | D:5      | Found a staircase to the Ecumenical Temple.
  3830 | Temple   | Entered the Ecumenical Temple
  3969 | Temple   | Became a worshipper of Gozag Ym Sagoz the Greedy
  4061 | D:5      | Reached XP level 8. HP: 48/48 MP: 11/11
  4438 | D:5      | Found Roug's Serpentskin Sales.
  4742 | D:5      | Noticed Eustachio
  4753 | D:5      | Killed Eustachio
  4958 | D:6      | Found a large runed translucent door.
  4959 | D:6      | Found a large runed translucent door.
  4959 | D:6      | Noticed Prince Ribbit
  5127 | D:6      | Found a basalt altar of Yredelemnul.
  5236 | D:6      | Noticed Pikel
  5298 | D:6      | Killed Pikel
  5299 | D:6      | Reached skill level 1 in Conjurations
  5299 | D:6      | Reached skill level 1 in Air Magic
  5299 | D:6      | Reached skill level 1 in Evocations
  5299 | D:6      | Reached XP level 9. HP: 53/54 MP: 12/12
  5506 | D:6      | Noticed a two-headed ogre
  5515 | D:6      | Killed a two-headed ogre
  6167 | D:6      | Reached XP level 10. HP: 63/63 MP: 13/13
  6198 | D:6      | Killed Prince Ribbit
  6298 | D:6      | Found a radiant altar of Vehumet.
  6301 | D:6      | Found an iron altar of Okawaru.
  6305 | D:6      | Upgraded the game from 0.30-a0-718-geaa24f58ff to
                  | 0.30-a0-719-gcc4359ea44
  6311 | D:6      | Learned a level 5 spell: Freezing Cloud
  6343 | D:4      | Bought a ring of protection from fire for 275 gold pieces
  6490 | D:1      | Bought a scroll of identify for 20 gold pieces
  6490 | D:1      | Bought a scroll of magic mapping for 75 gold pieces
  6490 | D:1      | Bought a scroll of identify for 20 gold pieces
  6490 | D:1      | Bought a scroll of identify for 20 gold pieces
  6490 | D:1      | Bought a scroll of immolation for 40 gold pieces
  6490 | D:1      | Bought a scroll of identify for 20 gold pieces
  6490 | D:1      | Bought a scroll of fear for 40 gold pieces
  6490 | D:1      | Bought a scroll of vulnerability for 40 gold pieces
  6644 | D:6      | Identified a scroll of acquirement
  6645 | D:6      | Acquired 1055 gold pieces
  7200 | D:7      | Reached skill level 5 in Unarmed Combat
  7292 | D:7      | Found a runed translucent gate.
  7293 | D:7      | Found a runed translucent gate.
  7293 | D:7      | Found a runed translucent gate.
  7299 | D:7      | Noticed ma3's ghost (novice OpIE)
  7966 | D:7      | Killed ma3's ghost
  8213 | D:8      | Found Jostrur's General Store.
  8574 | D:8      | Found a snail-covered altar of Cheibriados.
  8978 | D:8      | Found a glowing golden altar of the Shining One.
  8978 | D:8      | Found a white marble altar of Elyvilon.
  8979 | D:8      | Found a glowing silver altar of Zin.
  9066 | D:9      | Found the +6 shillelagh "Devastator" {shatter}
  9071 | D:9      | Noticed a two-headed ogre
  9084 | D:9      | Reached skill level 5 in Air Magic
  9089 | D:9      | Slain by a two-headed ogre

Illustrated notes

Levels and vault maps discovered:
D:1:      shiori_arrival_whats_in_store_for_you, layout_basic, serial_shops,
          shop_scrolls
D:2:      layout_loops_ring
D:3:      layout_rooms, mainiacjoe_overflow_cross_hatched,
          shapermc_ecumenical_altar_petra, due_unseen_surprise, uniq_jessica
D:4:      layout_basic, overflow_temple_1_default, serial_curves,
          eino_curves_03, eino_curves_04, nicolae_shop_fire_sale
          [nicolae_sub_dead_trees], uniq_grinder
D:5:      layout_loops_ring, minmay_temple_entry_sparse_star,
          minmay_misc_feat_tower, minivault_19, hangedman_decor_lopped,
          minmay_misc_feat_columns, columned_hall_lemuel, guppyfry_shop_venom,
          uniq_eustachio
D:6:      layout_loops_cross, lemuel_crystal_altar, jmf_multi_god_temple2,
          uniq_prince_ribbit1, uniq_pikel
D:7:      layout_loops_corners, ebering_ghost_rock_garden,
          minmay_misc_feat_roman, kennysheep_small_spiral,
          kennysheep_small_circle
D:8:      layout_loops_corners, good_gods_temple_1, kennysheep_slug_shrine,
          serial_shops, shop_statue, nicolae_titane
D:9:      lemuel_flame_loot_2, layout_cave_pools, mainiacjoe_overflow_24_doors,
          minmay_lair_entry_grove
Temple:   minmay_temple_bridge_abc

Skill      XL: |  1  2  3  4  5  6  7  8  9 10 |
---------------+-------------------------------+-----
Ice Magic      | 1 2 3 5 6 7 8 |  8.0
Transmutations | 3 4 5 6 7 8 |  8.0
Fighting       | 2 3 4 |  4.8
Conjurations   | 1 3 4 |  4.9
Air Magic      | 1 3 5 |  5.0
Evocations     | 1 3 4 |  4.2
Unarmed Combat | 4 5 |  5.5
Dodging        | |  2.0
Spellcasting   | |  2.0

Action                     |  1- 3 |  4- 6 |  7- 9 | 10-12 || total
---------------------------+-------+-------+-------+-------++-------
  Melee: Unarmed           |    75 |   145 |   239 |   159 ||   618
         Constrict         |    23 |    23 |     3 |     3 ||    52
         Tentacles         |    14 |    13 |     2 |     2 ||    31
         Kick              |    14 |     8 |       |       ||    22
         Punch             |     1 |     2 |       |     1 ||     4
   Cast: Beastly Appendage |    10 |     5 |       |     1 ||    16
         Wereblood         |     2 |     5 |    13 |     9 ||    29
         Ice Form          |       |     7 |    22 |    19 ||    48
  Evoke: Wand              |       |     7 |     2 |       ||     9
    Use: Potion            |       |     2 |       |       ||     2
         Scroll            |       |       |       |     8 ||     8
   Stab: Sleeping          |     8 |     8 |       |       ||    16
         Distracted        |       |     1 |     1 |     1 ||     3
 Armour: Skin              |     4 |    83 |   104 |    57 ||   248
  Dodge: Dodged            |    47 |    61 |   107 |    58 ||   273

Table legend: (Time is in decaauts)
 A = Elapsed time spent in this place.
 B = Non-inter-level travel time spent in this place.
 C = Inter-level travel time spent in this place.
 D = Time resting spent in this place.
 E = Time spent auto-exploring this place.
 F = Levels seen in this place.
 G = Mean time per level.
                   A        B        C        D        E       F      G
               +--------+--------+--------+--------+--------+-----+--------+
         Total |   9054 |   8539 |    515 |     19 |   7042 |  10 |  905.4 |
       Dungeon |   8895 |   8399 |    496 |     19 |   6942 |   9 |  988.3 |
        Temple |    159 |    140 |     19 |      0 |    100 |   1 |  159.0 |
               +--------+--------+--------+--------+--------+-----+--------+

Top non-repeatable levels by time:
     D:6: 1389 daAuts
     D:7: 1364 daAuts
     D:4: 1329 daAuts
     D:5: 1108 daAuts
     D:2: 1018 daAuts
     D:8: 988 daAuts
     D:1: 986 daAuts
     D:3: 647 daAuts
  Temple: 159 daAuts
     D:9: 62 daAuts
